Bruins vs Ducks

Created - October 22, 2023 at 22:00

Goals
1 2 3 T
Bruins 3 3 2 8
Ducks 0 1 0 1
Shots
1 2 3 T
Bruins 21 19 20 60
Ducks 2 8 5 15

1st period

1. Bruins , Tomas Hertl 1 (Mikael Backlund 1, Kirill Marchenko 2) at 6:26 (PP)
2. Bruins , Erik Haula 2 (Owen Tippett 3, Tomas Hertl 2) at 8:27
3. Bruins , David Pastrnak 2 (Patrik Laine 1, Hampus Lindholm 2) at 17:56 (PP)

Penalties :
Seth Helgeson (ANA) for High sticking (Minor) at 5:18, Dylan McIlrath (ANA) for Slashing (Minor) at 11:02, Anthony Vincent (ANA) for Hooking (Minor) at 16:28

2nd period

4. Bruins , Patrik Laine 2 (Mikael Backlund 2, Tomas Hertl 3) at 7:03
5. Bruins , Mikael Backlund 1 (Hampus Lindholm 3, Cody Ceci 1) at 10:12
6. Ducks , Timo Meier 2 (Chris Wagner 2) at 10:47
7. Bruins , Cody Ceci 1 (Tom Wilson 2, Patrik Laine 2) at 13:22

Penalties :
No Penalty

3rd period

8. Bruins , Filip Hronek 1 (David Pastrnak 1, Jamie Benn 1) at 7:13 (PP)
9. Bruins , Mikael Backlund 2 (Tom Wilson 3, Patrik Laine 3) at 9:22

Penalties :
Seth Helgeson (ANA) for Hooking (Minor) at 5:35, Alex Petrovic (ANA) for Hooking (Minor) at 11:29, Dylan McIlrath (ANA) for High sticking (Minor) at 17:13

Goalie Stats

Juuse Saros (BOS), 14 saves from 15 shots - (0.933), W, 3-2-0, 60:00 minutes
Jussi Olkinuora (ANA), 52 saves from 60 shots - (0.867), L, 1-4-0, 60:00 minutes

Players Stats for Bruins

Player Name              G  A  P  +/- PIM S  H  SB GA TA FO     MP     PP MP  PK MP  
------------------------------------------------------------------------------------
Barclay Goodrow          0  0  0  -1  0   1  0  0  0  0  8/14   10:31   0:00   0:00 
Brady Skjei              0  0  0   0  0   1  0  0  0  0  0/0    16:24   0:00   0:00 
Cody Ceci                1  1  2   3  0   2  2  1  0  0  0/0    16:15   0:00   0:00 
Connor Clifton           0  0  0   0  0   2  0  2  0  0  0/0    14:43   0:00   0:00 
David Pastrnak           1  1  2   0  0   3  2  0  0  0  0/0    20:16   5:38   0:00 
Erik Haula               1  0  1   1  0   2  2  1  0  0  0/0    11:19   0:00   0:00 
Filip Hronek             1  0  1   0  0   3  0  2  0  0  0/0    22:44   4:23   0:00 
Hampus Lindholm          0  2  2   3  0   4  0  0  0  0  0/0    24:00   5:48   0:00 
Ilya Lyubushkin          0  0  0   0  0   0  1  0  0  0  0/0    14:43   0:00   0:00 
Jamie Benn               0  1  1   0  0   3  1  0  0  0  14/26  20:16   5:38   0:00 
Kirill Marchenko         0  1  1  -1  0   3  0  1  0  0  1/1    14:22   4:23   0:00 
Lucas Raymond            0  0  0   0  0   4  1  0  0  0  1/1    11:39   0:38   0:00 
Mikael Backlund          2  2  4   4  0   6  0  0  0  0  7/9    17:54   4:33   0:00 
Owen Tippett             0  1  1   1  0   4  1  0  0  0  1/3    17:07   5:48   0:00 
Patrik Laine             1  3  4   4  0   10 0  0  0  0  0/1    18:21   5:00   0:00 
Scott Laughton           0  0  0   0  0   3  2  0  0  0  1/1    14:38   0:00   0:00 
Tom Wilson               0  2  2   4  0   3  1  0  0  0  1/2    18:26   4:33   0:00 
Tomas Hertl              1  2  3   2  0   6  0  0  0  0  16/22  16:22   4:33   0:00 

Players Stats for Ducks

Player Name              G  A  P  +/- PIM S  H  SB GA TA FO     MP     PP MP  PK MP  
------------------------------------------------------------------------------------
Alex Petrovic            0  0  0  -2  2   1  2  2  0  0  0/0    26:02   0:00   2:38 
Andrei Svechnikov        0  0  0  -1  0   1  0  0  0  0  0/0    17:14   0:00   5:45 
Anthony Vincent          0  0  0  -1  2   0  1  0  0  0  4/17   11:28   0:00   0:00 
Bobby Lynch              0  0  0  -1  0   0  0  0  0  0  0/0    13:43   0:00   0:08 
Brandon Hickey           0  0  0   0  0   0  0  1  0  0  0/0     0:40   0:00   0:00 
Brennan Saulnier         0  0  0  -3  0   0  0  0  0  0  0/1    14:57   0:00   2:30 
Chris Wagner             0  1  1   1  0   2  0  0  0  0  8/17   14:35   0:00   2:17 
Corey Schueneman         0  0  0  -2  0   0  1  1  0  0  0/0    24:52   0:00   4:20 
Dylan McIlrath           0  0  0  -1  4   0  5  5  0  0  0/0    19:00   0:00   2:18 
Henrik Borgstrom         0  0  0  -3  0   1  0  0  0  0  9/14   13:59   0:00   1:05 
Jacob Larsson            0  0  0  -2  0   0  1  5  0  0  0/0    23:17   0:00   5:09 
Jacob Perreault          0  0  0  -3  0   2  1  0  0  0  0/1    12:49   0:00   0:19 
Kurtis MacDermid         0  0  0  -1  0   0  1  0  0  0  0/0    13:52   0:00   1:08 
Nicholas Caamano         0  0  0  -1  0   1  0  0  0  0  0/1    13:53   0:00   0:18 
Sam Carrick              0  0  0  -1  0   1  2  0  0  0  7/16   15:52   0:00   2:17 
Seth Helgeson            0  0  0  -1  4   0  4  3  0  0  0/0    18:45   0:00   2:39 
Timo Meier               1  0  1   1  0   6  2  1  0  0  1/11   19:32   0:00   6:10 
Travis Howe              0  0  0   1  0   0  2  0  0  0  1/2    15:13   0:00   1:43 

3 Stars

1 - Mikael Backlund (BOS)
2 - Patrik Laine (BOS)
3 - Cody Ceci (BOS)

Power Play

Bruins - 3 on 6 Attempt(s) - 50.00%
Ducks - 0 on 0 Attempt(s) - 0.00%

Penalty Kill

Bruins - 0 on 0 Attempt(s) - 0.00% - Score 0 goal in Penalty Kill
Ducks - 3 on 6 Attempt(s) - 50.00% - Score 0 goal in Penalty Kill

Team Stat

Bruins - Hits : 13 - Faceoff Wins : 50 - Blocked Shots : 7 - Penalty Minutes : 0
Ducks - Hits : 22 - Faceoff Wins : 30 - Blocked Shots : 18 - Penalty Minutes : 12

Official

Referees : Graham Skilliter and Jake Brenk
Linesman : Libor Suchanek and David Brisebois

Game Notes

Brandon Hickey is injured at 3:45 of 1st period (Strained Left Knee)

Finance

Level 1 -- Attendance: 6000 (100.00%) -- Ticket Income $780,000
Level 2 -- Attendance: 5000 (100.00%) -- Ticket Income $225,000
Level 3 -- Attendance: 2000 (100.00%) -- Ticket Income $80,000
Level 4 -- Attendance: 4000 (100.00%) -- Ticket Income $140,000
Luxury Box -- Attendance: 1000 (100.00%) -- Ticket Income $100,000
Game was played at the Honda Center.
Total Attendance: 18000 (100.00%)
Total Ticket Income: $1,325,000
Other Income: $649,250
Total Income: $1,974,250

Bruins

5 vs 5 Forward 
   Center                   Left Wing                Right Wing               Time % Phy DF OF 
 1 Jamie Benn               Scott Laughton           David Pastrnak           30     1   1  3  
 2 Mikael Backlund          Patrik Laine             Tom Wilson               27     0   2  3  
 3 Tomas Hertl              Erik Haula               Owen Tippett             23     1   3  1  
 4 Barclay Goodrow          Lucas Raymond            Kirill Marchenko         20     1   2  2  

5 vs 5 Defense 
   Defense                  Defense                                           Time % Phy DF OF 
 1 Hampus Lindholm          Cody Ceci                                         32     1   2  2  
 2 Filip Hronek             Brady Skjei                                       32     1   2  2  
 3 Ilya Lyubushkin          Connor Clifton                                    26     1   2  2  
 4 Hampus Lindholm          Filip Hronek                                      10     1   2  2  

PowerPlay Forward 
   Center                   Left Wing                Right Wing               Time % Phy DF OF 
 1 Jamie Benn               Patrik Laine             David Pastrnak           60     0   0  5  
 2 Tomas Hertl              Mikael Backlund          Tom Wilson               40     0   0  5  

PowerPlay Defense
   Defense                  Defense                                           Time % Phy DF OF 
 1 Hampus Lindholm          Owen Tippett                                      60     1   0  4  
 2 Filip Hronek             Kirill Marchenko                                  40     1   0  4  

Penalty Kill 4 Players Forward 
   Center                   Wing                     Time % Phy DF OF 
 1 Erik Haula               Scott Laughton           55     1   4  0  
 2 Mikael Backlund          Barclay Goodrow          45     1   4  0  

Penalty Kill 4 Players Defense
   Defense                  Defense                  Time % Phy DF OF 
 1 Hampus Lindholm          Cody Ceci                55     1   4  0  
 2 Ilya Lyubushkin          Brady Skjei              45     1   4  0  

Penalty Kill - 3 Players Forward 
   Forward                                           Time % Phy DF OF 
 1 Barclay Goodrow                                   60     1   4  0  
 2 Scott Laughton                                    40     1   4  0  

Penalty Kill - 3 Players Defense
   Defense                  Defense                  Time % Phy DF OF 
 1 Hampus Lindholm          Cody Ceci                60     1   4  0  
 2 Ilya Lyubushkin          Brady Skjei              40     1   4  0  

4 vs 4 Forward 
   Center                   Wing                     Time % Phy DF OF 
 1 Tomas Hertl              Scott Laughton           60     1   2  2  
 2 Mikael Backlund          Patrik Laine             40     1   2  2  

4 vs 4 Defense
   Defense                  Defense                  Time % Phy DF OF 
 1 Hampus Lindholm          Cody Ceci                60     1   2  2  
 2 Brady Skjei              Filip Hronek             40     1   2  2  

Last Minutes Offensive
   Center                   Left Wing                Right Wing               Defense                  Defense                  
   Jamie Benn               Patrik Laine             David Pastrnak           Hampus Lindholm          Brady Skjei              

Last Minutes Defensive
   Center                   Left Wing                Right Wing               Defense                  Defense                  
   Mikael Backlund          Barclay Goodrow          Scott Laughton           Cody Ceci                Ilya Lyubushkin          

Goaltenders
Starting : Juuse Saros              
Backup : Ukko-Pekka Luukkonen     

Extra Forwards
Normal : David Pastrnak, Patrik Laine, Jamie Benn - PP : David Pastrnak, Patrik Laine - PK : Barclay Goodrow
Extra Defensemen
Normal : Hampus Lindholm, Filip Hronek, Brady Skjei - PP : Hampus Lindholm - PK : Cody Ceci, Ilya Lyubushkin
Penalty Shots
Patrik Laine, Lucas Raymond, Kirill Marchenko, Jamie Benn, Erik Haula
Custom OT Lines Forwards
Jamie Benn, David Pastrnak, Patrik Laine, Mikael Backlund, Tom Wilson, Scott Laughton, Tomas Hertl, Erik Haula, Owen Tippett, Kirill Marchenko
Custom OT Lines Defensemen
Hampus Lindholm, Filip Hronek, Brady Skjei, Connor Clifton, Ilya Lyubushkin

Scratches
Trent Frederic (Healthy), Cole Sillinger (Healthy), Michael Carcone (Healthy), Joey Anderson (Healthy)

Ducks

5 vs 5 Forward 
   Center                   Left Wing                Right Wing               Time % Phy DF OF 
 1 Chris Wagner             Timo Meier               Travis Howe              25     1   2  2  
 2 Sam Carrick              Nicholas Caamano         Bobby Lynch              25     1   2  2  
 3 Henrik Borgstrom         Brennan Saulnier         Jacob Perreault          25     1   2  2  
 4 Anthony Vincent          Kurtis MacDermid         Andrei Svechnikov        25     1   2  2  

5 vs 5 Defense 
   Defense                  Defense                                           Time % Phy DF OF 
 1 Corey Schueneman         Alex Petrovic                                     25     1   2  2  
 2 Dylan McIlrath           Jacob Larsson                                     25     1   2  2  
 3 Brandon Hickey           Seth Helgeson                                     25     1   2  2  
 4 Brandon Hickey           Alex Petrovic                                     25     1   2  2  

PowerPlay Forward 
   Center                   Left Wing                Right Wing               Time % Phy DF OF 
 1 Chris Wagner             Brennan Saulnier         Jacob Perreault          60     1   2  2  
 2 Sam Carrick              Nicholas Caamano         Bobby Lynch              40     1   2  2  

PowerPlay Defense
   Defense                  Defense                                           Time % Phy DF OF 
 1 Kurtis MacDermid         Alex Petrovic                                     60     1   2  2  
 2 Dylan McIlrath           Jacob Larsson                                     40     1   2  2  

Penalty Kill 4 Players Forward 
   Center                   Wing                     Time % Phy DF OF 
 1 Timo Meier               Andrei Svechnikov        60     1   2  2  
 2 Chris Wagner             Sam Carrick              40     1   2  2  

Penalty Kill 4 Players Defense
   Defense                  Defense                  Time % Phy DF OF 
 1 Seth Helgeson            Alex Petrovic            60     1   2  2  
 2 Dylan McIlrath           Jacob Larsson            40     1   2  2  

Penalty Kill - 3 Players Forward 
   Forward                                           Time % Phy DF OF 
 1 Bobby Lynch                                       60     1   2  2  
 2 Andrei Svechnikov                                 40     1   2  2  

Penalty Kill - 3 Players Defense
   Defense                  Defense                  Time % Phy DF OF 
 1 Corey Schueneman         Alex Petrovic            60     1   2  2  
 2 Dylan McIlrath           Jacob Larsson            40     1   2  2  

4 vs 4 Forward 
   Center                   Wing                     Time % Phy DF OF 
 1 Timo Meier               Jacob Perreault          60     1   2  2  
 2 Chris Wagner             Sam Carrick              40     1   2  2  

4 vs 4 Defense
   Defense                  Defense                  Time % Phy DF OF 
 1 Kurtis MacDermid         Alex Petrovic            60     1   2  2  
 2 Dylan McIlrath           Jacob Larsson            40     1   2  2  

Last Minutes Offensive
   Center                   Left Wing                Right Wing               Defense                  Defense                  
   Chris Wagner             Timo Meier               Andrei Svechnikov        Kurtis MacDermid         Alex Petrovic            

Last Minutes Defensive
   Center                   Left Wing                Right Wing               Defense                  Defense                  
   Chris Wagner             Timo Meier               Andrei Svechnikov        Kurtis MacDermid         Alex Petrovic            

Goaltenders
Starting : Jussi Olkinuora          
Backup : Jake Oettinger           

Extra Forwards
Normal : Henrik Borgstrom, Jacob Perreault, Brennan Saulnier - PP : Henrik Borgstrom, Jacob Perreault - PK : Brennan Saulnier
Extra Defensemen
Normal : Corey Schueneman, Seth Helgeson, Brandon Hickey - PP : Corey Schueneman - PK : Seth Helgeson, Brandon Hickey
Penalty Shots
Timo Meier, Andrei Svechnikov, Kurtis MacDermid, Chris Wagner, Sam Carrick
Custom OT Lines Forwards
Timo Meier, Andrei Svechnikov, Kurtis MacDermid, Chris Wagner, Sam Carrick, Henrik Borgstrom, Bobby Lynch, Jacob Perreault, Nicholas Caamano, Brennan Saulnier
Custom OT Lines Defensemen
Kurtis MacDermid, Alex Petrovic, Dylan McIlrath, Jacob Larsson, Corey Schueneman

Scratches
Alexey Toropchenko (Healthy), Cam Dineen (Healthy)

% Time on Ice - Bruins

Lines # - Real PCT - Wanted PCT - Time Play
Normal Forward
1 - 29% - 30% - 14:38
2 - 27% - 27% - 13:21
3 - 23% - 23% - 11:19
4 - 21% - 20% - 10:31
Normal Defense
1 - 33% - 32% - 16:15
2 - 31% - 32% - 15:16
3 - 31% - 26% - 15:13
4 - 6% - 10% - 3:05
PP Forward
1 - 55% - 60% - 5:38
2 - 45% - 40% - 4:33
PP Defense
1 - 57% - 60% - 5:48
2 - 43% - 40% - 4:23
PK Forward
1 - 0% - 55%
2 - 0% - 45%
PK Defense
1 - 0% - 55%
2 - 0% - 45%
PK3 Forward
1 - 0% - 60%
2 - 0% - 40%
PK3 Defense
1 - 0% - 60%
2 - 0% - 40%
44 Forward
1 - 0% - 60%
2 - 0% - 40%
44 Defense
1 - 0% - 60%
2 - 0% - 40%
Last Minute Offensive  - 0:00
Last Minute Defensive  - 0:00
Total
Forward - 60:00
Defense - 60:00

% Time on Ice - Ducks

Lines # - Real PCT - Wanted PCT - Time Play
Normal Forward
1 - 25% - 25% - 12:18
2 - 27% - 25% - 13:35
3 - 25% - 25% - 12:27
4 - 23% - 25% - 11:29
Normal Defense
1 - 18% - 25% - 8:50
2 - 16% - 25% - 8:05
3 - 32% - 25% - 16:08
4 - 34% - 25% - 16:46
PP Forward
1 - 0% - 60%
2 - 0% - 40%
PP Defense
1 - 0% - 60%
2 - 0% - 40%
PK Forward
1 - 78% - 60% - 7:54
2 - 22% - 40% - 2:17
PK Defense
1 - 67% - 60% - 6:47
2 - 33% - 40% - 3:24
PK3 Forward
1 - 0% - 60%
2 - 0% - 40%
PK3 Defense
1 - 0% - 60%
2 - 0% - 40%
44 Forward
1 - 0% - 60%
2 - 0% - 40%
44 Defense
1 - 0% - 60%
2 - 0% - 40%
Last Minute Offensive  - 0:00
Last Minute Defensive  - 0:00
Total
Forward - 60:00
Defense - 60:00

Play-by-Play

1st period


0:01 of 1st period - Chris Wagner wins face-off versus Jamie Benn in neutral zone.
0:05 of 1st period - Chris Wagner is hit by Cody Ceci.
0:41 of 1st period - Shot by David Pastrnak.
0:41 of 1st period - Shot Misses the Net.
2:34 of 1st period - Icing by Sam Carrick.
2:35 of 1st period - Sam Carrick wins face-off versus Barclay Goodrow in Ducks zone.
2:35 of 1st period - Sam Carrick is hit by Lucas Raymond.
2:56 of 1st period - Cody Ceci is hit by Dylan McIlrath and loses puck.
3:05 of 1st period - Shot by Kirill Marchenko.
3:05 of 1st period - Stopped by Jussi Olkinuora without a rebound.
3:06 of 1st period - Henrik Borgstrom wins face-off versus Jamie Benn in Ducks zone.
3:06 of 1st period - Jacob Perreault is hit by Scott Laughton and loses puck.
3:45 of 1st period - Shot by Scott Laughton.
3:45 of 1st period - Shot Blocked by Brandon Hickey.
3:45 of 1st period - Brandon Hickey from Ducks is injured at 3:45 of 1st period (Strained Left Knee).
3:46 of 1st period - Kirill Marchenko wins face-off versus Anthony Vincent in Ducks zone.
3:49 of 1st period - Shot by Lucas Raymond.
3:49 of 1st period - Shot Blocked by Jacob Larsson.
3:53 of 1st period - Shot by Lucas Raymond.
3:53 of 1st period - Shot Misses the Net.
4:01 of 1st period - Shot by Lucas Raymond.
4:01 of 1st period - Stopped by Jussi Olkinuora with a rebound.
4:03 of 1st period - Shot by Hampus Lindholm.
4:03 of 1st period - Shot Misses the Net.
5:04 of 1st period - Shot by Sam Carrick.
5:04 of 1st period - Shot Misses the Net.
5:18 of 1st period - Minor Penalty to Seth Helgeson for High sticking.
5:19 of 1st period - Jamie Benn wins face-off versus Timo Meier in Ducks zone.
5:24 of 1st period - Shot by Patrik Laine.
5:24 of 1st period - Stopped by Jussi Olkinuora without a rebound.
5:25 of 1st period - Timo Meier wins face-off versus Jamie Benn in Ducks zone.
5:36 of 1st period - Shot by Jamie Benn.
5:36 of 1st period - Deflect By Patrik Laine.
5:36 of 1st period - Shot Misses the Net.
6:12 of 1st period - Shot by Kirill Marchenko.
6:12 of 1st period - Shot Misses the Net.
6:26 of 1st period - Shot by Tomas Hertl.
6:26 of 1st period - Goal by Tomas Hertl - Bruins : 1 - Ducks : 0.
6:27 of 1st period - Henrik Borgstrom wins face-off versus Barclay Goodrow in neutral zone.
6:30 of 1st period - Shot by Jacob Perreault.
6:30 of 1st period - Deflect By Henrik Borgstrom.
6:30 of 1st period - Shot Blocked by Kirill Marchenko.
6:42 of 1st period - Shot by Lucas Raymond.
6:42 of 1st period - Shot Misses the Net.
6:48 of 1st period - Shot by Lucas Raymond.
6:48 of 1st period - Shot Hit the Post.
7:00 of 1st period - Shot by Lucas Raymond.
7:00 of 1st period - Shot Blocked by Seth Helgeson.
7:07 of 1st period - Icing by Seth Helgeson.
7:08 of 1st period - Henrik Borgstrom wins face-off versus Jamie Benn in Ducks zone.
7:37 of 1st period - Shot by David Pastrnak.
7:37 of 1st period - Deflect By Jamie Benn.
7:37 of 1st period - Shot Misses the Net.
7:39 of 1st period - Shot by Scott Laughton.
7:39 of 1st period - Stopped by Jussi Olkinuora without a rebound.
7:40 of 1st period - Tomas Hertl wins face-off versus Anthony Vincent in Ducks zone.
7:45 of 1st period - Shot by Tomas Hertl.
7:45 of 1st period - Deflect By Owen Tippett.
7:45 of 1st period - Stopped by Jussi Olkinuora without a rebound.
7:46 of 1st period - Anthony Vincent wins face-off versus Mikael Backlund in Ducks zone.
8:00 of 1st period - Mikael Backlund is hit by Dylan McIlrath and loses puck.
8:07 of 1st period - Shot by Tom Wilson.
8:07 of 1st period - Stopped by Jussi Olkinuora without a rebound.
8:08 of 1st period - Sam Carrick wins face-off versus Owen Tippett in Ducks zone.
8:23 of 1st period - Shot by Tomas Hertl.
8:23 of 1st period - Shot Misses the Net.
8:25 of 1st period - Shot by Owen Tippett.
8:25 of 1st period - Stopped by Jussi Olkinuora with a rebound.
8:27 of 1st period - Shot by Erik Haula.
8:27 of 1st period - Goal by Erik Haula - Bruins : 2 - Ducks : 0.
8:28 of 1st period - Jamie Benn wins face-off versus Chris Wagner in neutral zone.
8:28 of 1st period - David Pastrnak is hit by Travis Howe and loses puck.
8:46 of 1st period - Hampus Lindholm is hit by Timo Meier and loses puck.
9:25 of 1st period - Shot by Patrik Laine.
9:25 of 1st period - Deflect By Mikael Backlund.
9:25 of 1st period - Shot Misses the Net.
9:27 of 1st period - Shot by Brady Skjei.
9:27 of 1st period - Stopped by Jussi Olkinuora without a rebound.
9:28 of 1st period - Tomas Hertl wins face-off versus Anthony Vincent in Ducks zone.
9:33 of 1st period - Shot by Tomas Hertl.
9:33 of 1st period - Stopped by Jussi Olkinuora with a rebound.
9:37 of 1st period - Shot by Owen Tippett.
9:37 of 1st period - Shot Misses the Net.
9:39 of 1st period - Shot by Connor Clifton.
9:39 of 1st period - Stopped by Jussi Olkinuora with a rebound.
9:41 of 1st period - Shot by Connor Clifton.
9:41 of 1st period - Shot Misses the Net.
9:45 of 1st period - Shot by Owen Tippett.
9:45 of 1st period - Shot Blocked by Jacob Larsson.
9:51 of 1st period - Shot by Erik Haula.
9:51 of 1st period - Shot Blocked by Dylan McIlrath.
11:02 of 1st period - Minor Penalty to Dylan McIlrath for Slashing.
11:03 of 1st period - Jamie Benn wins face-off versus Timo Meier in Ducks zone.
11:40 of 1st period - Shot by Hampus Lindholm.
11:40 of 1st period - Stopped by Jussi Olkinuora without a rebound.
11:41 of 1st period - Tomas Hertl wins face-off versus Timo Meier in Ducks zone.
11:52 of 1st period - Shot by Tomas Hertl.
11:52 of 1st period - Stopped by Jussi Olkinuora with a rebound.
12:23 of 1st period - Icing by Jamie Benn.
12:24 of 1st period - Chris Wagner wins face-off versus Jamie Benn in Bruins zone.
12:33 of 1st period - Shot by Patrik Laine.
12:33 of 1st period - Stopped by Jussi Olkinuora without a rebound.
12:34 of 1st period - Jamie Benn wins face-off versus Timo Meier in Ducks zone.
13:02 of 1st period - Shot by Patrik Laine.
13:02 of 1st period - Stopped by Jussi Olkinuora without a rebound.
13:03 of 1st period - Lucas Raymond wins face-off versus Henrik Borgstrom in Ducks zone.
13:07 of 1st period - Icing by Alex Petrovic.
13:08 of 1st period - Henrik Borgstrom wins face-off versus Barclay Goodrow in Ducks zone.
14:28 of 1st period - Shot by Mikael Backlund.
14:28 of 1st period - Stopped by Jussi Olkinuora with a rebound.
14:30 of 1st period - Shot by Mikael Backlund.
14:30 of 1st period - Shot Misses the Net.
14:32 of 1st period - Shot by Mikael Backlund.
14:32 of 1st period - Stopped by Jussi Olkinuora without a rebound.
14:33 of 1st period - Jamie Benn wins face-off versus Anthony Vincent in Ducks zone.
14:38 of 1st period - Shot by David Pastrnak.
14:38 of 1st period - Shot Misses the Net.
14:45 of 1st period - Off-side.
14:46 of 1st period - Tomas Hertl wins face-off versus Sam Carrick in neutral zone.
15:26 of 1st period - Shot by Tomas Hertl.
15:26 of 1st period - Shot Misses the Net.
15:56 of 1st period - Shot by Hampus Lindholm.
15:56 of 1st period - Shot Blocked by Dylan McIlrath.
16:28 of 1st period - Minor Penalty to Anthony Vincent for Hooking.
16:29 of 1st period - Tomas Hertl wins face-off versus Timo Meier in Ducks zone.
16:30 of 1st period - Shot by Kirill Marchenko.
16:30 of 1st period - Shot Misses the Net.
17:28 of 1st period - Shot by Patrik Laine.
17:28 of 1st period - Shot Blocked by Dylan McIlrath.
17:30 of 1st period - Shot by Hampus Lindholm.
17:30 of 1st period - Stopped by Jussi Olkinuora without a rebound.
17:31 of 1st period - Jamie Benn wins face-off versus Chris Wagner in Ducks zone.
17:44 of 1st period - Chris Wagner is hit by Jamie Benn.
17:56 of 1st period - Shot by David Pastrnak.
17:56 of 1st period - Goal by David Pastrnak - Bruins : 3 - Ducks : 0.
17:57 of 1st period - Barclay Goodrow wins face-off versus Henrik Borgstrom in neutral zone.
18:12 of 1st period - Shot by Kirill Marchenko.
18:12 of 1st period - Shot Blocked by Alex Petrovic.
18:18 of 1st period - Shot by Henrik Borgstrom.
18:18 of 1st period - Deflect By Jacob Perreault.
18:18 of 1st period - Shot Hit the Post.
18:20 of 1st period - Shot by Brennan Saulnier.
18:20 of 1st period - Deflect By Henrik Borgstrom.
18:20 of 1st period - Stopped by Juuse Saros without a rebound.
18:21 of 1st period - Mikael Backlund wins face-off versus Sam Carrick in Bruins zone.
18:44 of 1st period - Shot by Tom Wilson.
18:44 of 1st period - Shot Misses the Net.
18:50 of 1st period - Shot by Patrik Laine.
18:50 of 1st period - Stopped by Jussi Olkinuora without a rebound.
18:51 of 1st period - Chris Wagner wins face-off versus Owen Tippett in Ducks zone.
18:51 of 1st period - Chris Wagner is hit by Owen Tippett.
19:17 of 1st period - Shot by Timo Meier.
19:17 of 1st period - Stopped by Juuse Saros with a rebound.
19:19 of 1st period - Shot by Travis Howe.
19:19 of 1st period - Shot Blocked by Cody Ceci.
19:51 of 1st period - Corey Schueneman is hit by David Pastrnak.
Goals for this period are 3 for Bruins vs 0 for Ducks.
Shots for this period are 21 for Bruins vs 2 for Ducks.

2nd period


0:01 of 2nd period - Scott Laughton wins face-off versus Jacob Perreault in neutral zone.
0:37 of 2nd period - David Pastrnak is hit by Alex Petrovic and loses puck.
0:52 of 2nd period - Brennan Saulnier is hit by Tom Wilson and loses puck.
0:59 of 2nd period - Shot by Patrik Laine.
0:59 of 2nd period - Stopped by Jussi Olkinuora without a rebound.
1:00 of 2nd period - Sam Carrick wins face-off versus Tomas Hertl in Ducks zone.
1:33 of 2nd period - Sam Carrick is hit by Ilya Lyubushkin and loses puck.
2:00 of 2nd period - Icing by Ilya Lyubushkin.
2:01 of 2nd period - Owen Tippett wins face-off versus Chris Wagner in Bruins zone.
2:15 of 2nd period - Shot by Chris Wagner.
2:15 of 2nd period - Shot Blocked by Connor Clifton.
2:17 of 2nd period - Shot by Alex Petrovic.
2:17 of 2nd period - Stopped by Juuse Saros with a rebound.
2:19 of 2nd period - Shot by Alex Petrovic.
2:19 of 2nd period - Shot Hit the Post.
2:27 of 2nd period - Icing by Owen Tippett.
2:28 of 2nd period - Tomas Hertl wins face-off versus Anthony Vincent in Bruins zone.
2:28 of 2nd period - Tomas Hertl is hit by Anthony Vincent.
2:34 of 2nd period - Kurtis MacDermid is hit by Erik Haula and loses puck.
2:42 of 2nd period - Shot by Anthony Vincent.
2:42 of 2nd period - Shot Blocked by Connor Clifton.
2:50 of 2nd period - Shot by Andrei Svechnikov.
2:50 of 2nd period - Shot Blocked by Erik Haula.
4:19 of 2nd period - Mikael Backlund is hit by Dylan McIlrath and loses puck.
5:10 of 2nd period - Filip Hronek is hit by Seth Helgeson and loses puck.
6:53 of 2nd period - Shot by Patrik Laine.
6:53 of 2nd period - Stopped by Jussi Olkinuora with a rebound.
7:01 of 2nd period - Shot by Patrik Laine.
7:01 of 2nd period - Shot Blocked by Corey Schueneman.
7:03 of 2nd period - Shot by Patrik Laine.
7:03 of 2nd period - Goal by Patrik Laine - Bruins : 4 - Ducks : 0.
7:04 of 2nd period - Anthony Vincent wins face-off versus Jamie Benn in neutral zone.
7:04 of 2nd period - Andrei Svechnikov is hit by David Pastrnak and loses puck.
7:12 of 2nd period - David Pastrnak is hit by Seth Helgeson and loses puck.
8:06 of 2nd period - Icing by Mikael Backlund.
8:07 of 2nd period - Mikael Backlund wins face-off versus Travis Howe in Bruins zone.
8:18 of 2nd period - Shot by Tom Wilson.
8:18 of 2nd period - Shot Misses the Net.
8:22 of 2nd period - Shot by Filip Hronek.
8:22 of 2nd period - Shot Misses the Net.
8:39 of 2nd period - Icing by Jacob Larsson.
8:40 of 2nd period - Travis Howe wins face-off versus Tomas Hertl in Ducks zone.
8:50 of 2nd period - Icing by Cody Ceci.
8:51 of 2nd period - Sam Carrick wins face-off versus Tomas Hertl in Bruins zone.
9:02 of 2nd period - Shot by Tomas Hertl.
9:02 of 2nd period - Stopped by Jussi Olkinuora with a rebound.
9:04 of 2nd period - Shot by Cody Ceci.
9:04 of 2nd period - Stopped by Jussi Olkinuora without a rebound.
9:05 of 2nd period - Barclay Goodrow wins face-off versus Henrik Borgstrom in Ducks zone.
9:18 of 2nd period - Shot by Lucas Raymond.
9:18 of 2nd period - Stopped by Jussi Olkinuora without a rebound.
9:19 of 2nd period - Sam Carrick wins face-off versus Jamie Benn in Ducks zone.
9:24 of 2nd period - Shot by Jacob Larsson.
9:24 of 2nd period - Shot Misses the Net.
10:00 of 2nd period - Shot by Scott Laughton.
10:00 of 2nd period - Stopped by Jussi Olkinuora without a rebound.
10:01 of 2nd period - Mikael Backlund wins face-off versus Henrik Borgstrom in Ducks zone.
10:04 of 2nd period - Shot by Cody Ceci.
10:04 of 2nd period - Shot Misses the Net.
10:12 of 2nd period - Shot by Mikael Backlund.
10:12 of 2nd period - Goal by Mikael Backlund - Bruins : 5 - Ducks : 0.
10:13 of 2nd period - Chris Wagner wins face-off versus Barclay Goodrow in neutral zone.
10:20 of 2nd period - Shot by Timo Meier.
10:20 of 2nd period - Stopped by Juuse Saros without a rebound.
10:21 of 2nd period - Mikael Backlund wins face-off versus Anthony Vincent in Bruins zone.
10:21 of 2nd period - Mikael Backlund is hit by Kurtis MacDermid.
10:27 of 2nd period - Shot by Patrik Laine.
10:27 of 2nd period - Stopped by Jussi Olkinuora with a rebound.
10:35 of 2nd period - Shot by Patrik Laine.
10:35 of 2nd period - Stopped by Jussi Olkinuora without a rebound.
10:36 of 2nd period - Barclay Goodrow wins face-off versus Chris Wagner in Ducks zone.
10:36 of 2nd period - Kirill Marchenko is hit by Corey Schueneman and loses puck.
10:45 of 2nd period - Shot by Chris Wagner.
10:45 of 2nd period - Shot Misses the Net.
10:47 of 2nd period - Shot by Timo Meier.
10:47 of 2nd period - Goal by Timo Meier - Bruins : 5 - Ducks : 1.
10:48 of 2nd period - Jamie Benn wins face-off versus Anthony Vincent in neutral zone.
11:04 of 2nd period - Shot by Andrei Svechnikov.
11:04 of 2nd period - Shot Misses the Net.
12:02 of 2nd period - Shot by Chris Wagner.
12:02 of 2nd period - Shot Misses the Net.
12:04 of 2nd period - Shot by Alex Petrovic.
12:04 of 2nd period - Shot Blocked by Filip Hronek.
12:06 of 2nd period - Shot by Chris Wagner.
12:06 of 2nd period - Stopped by Juuse Saros with a rebound.
12:20 of 2nd period - Shot by Timo Meier.
12:20 of 2nd period - Stopped by Juuse Saros without a rebound.
12:21 of 2nd period - Henrik Borgstrom wins face-off versus Barclay Goodrow in Bruins zone.
12:32 of 2nd period - Off-side.
12:33 of 2nd period - Tomas Hertl wins face-off versus Sam Carrick in neutral zone.
12:38 of 2nd period - Shot by Tomas Hertl.
12:38 of 2nd period - Shot Blocked by Seth Helgeson.
12:40 of 2nd period - Shot by Connor Clifton.
12:40 of 2nd period - Stopped by Jussi Olkinuora without a rebound.
12:41 of 2nd period - Henrik Borgstrom wins face-off versus Barclay Goodrow in Ducks zone.
13:13 of 2nd period - Shot by Kirill Marchenko.
13:13 of 2nd period - Stopped by Jussi Olkinuora without a rebound.
13:14 of 2nd period - Mikael Backlund wins face-off versus Anthony Vincent in Ducks zone.
13:14 of 2nd period - Mikael Backlund is hit by Dylan McIlrath.
13:16 of 2nd period - Shot by Tom Wilson.
13:16 of 2nd period - Deflect By Patrik Laine.
13:16 of 2nd period - Stopped by Jussi Olkinuora with a rebound.
13:18 of 2nd period - Shot by Tom Wilson.
13:18 of 2nd period - Shot Misses the Net.
13:20 of 2nd period - Shot by Cody Ceci.
13:20 of 2nd period - Shot Blocked by Jacob Larsson.
13:22 of 2nd period - Shot by Cody Ceci.
13:22 of 2nd period - Goal by Cody Ceci - Bruins : 6 - Ducks : 1.
13:23 of 2nd period - Jamie Benn wins face-off versus Chris Wagner in neutral zone.
13:40 of 2nd period - Shot by Timo Meier.
13:40 of 2nd period - Stopped by Juuse Saros without a rebound.
13:41 of 2nd period - Anthony Vincent wins face-off versus Mikael Backlund in Bruins zone.
14:06 of 2nd period - Shot by Anthony Vincent.
14:06 of 2nd period - Shot Misses the Net.
14:08 of 2nd period - Shot by Alex Petrovic.
14:08 of 2nd period - Shot Blocked by Filip Hronek.
14:12 of 2nd period - Shot by Kurtis MacDermid.
14:12 of 2nd period - Shot Misses the Net.
14:38 of 2nd period - Shot by Timo Meier.
14:38 of 2nd period - Stopped by Juuse Saros without a rebound.
14:39 of 2nd period - Henrik Borgstrom wins face-off versus Jamie Benn in Bruins zone.
14:53 of 2nd period - Off-side.
14:54 of 2nd period - Barclay Goodrow wins face-off versus Chris Wagner in neutral zone.
15:23 of 2nd period - Shot by Kirill Marchenko.
15:23 of 2nd period - Stopped by Jussi Olkinuora with a rebound.
15:30 of 2nd period - Lucas Raymond is hit by Seth Helgeson and loses puck.
15:53 of 2nd period - Shot by Tomas Hertl.
15:53 of 2nd period - Shot Misses the Net.
16:05 of 2nd period - Shot by Owen Tippett.
16:05 of 2nd period - Stopped by Jussi Olkinuora without a rebound.
16:06 of 2nd period - Anthony Vincent wins face-off versus Jamie Benn in Ducks zone.
16:06 of 2nd period - Anthony Vincent is hit by Scott Laughton.
16:30 of 2nd period - David Pastrnak is hit by Jacob Larsson and loses puck.
18:12 of 2nd period - Alex Petrovic is hit by Erik Haula and loses puck.
19:01 of 2nd period - Icing by Dylan McIlrath.
19:02 of 2nd period - Barclay Goodrow wins face-off versus Anthony Vincent in Ducks zone.
19:05 of 2nd period - Shot by Lucas Raymond.
19:05 of 2nd period - Stopped by Jussi Olkinuora without a rebound.
19:06 of 2nd period - Henrik Borgstrom wins face-off versus Jamie Benn in Ducks zone.
19:23 of 2nd period - Shot by Jacob Perreault.
19:23 of 2nd period - Stopped by Juuse Saros without a rebound.
19:24 of 2nd period - Mikael Backlund wins face-off versus Chris Wagner in Bruins zone.
19:24 of 2nd period - Mikael Backlund is hit by Travis Howe.
19:27 of 2nd period - Connor Clifton is hit by Timo Meier and loses puck.
19:42 of 2nd period - Shot by Patrik Laine.
19:42 of 2nd period - Deflect By Tom Wilson.
19:42 of 2nd period - Shot Blocked by Timo Meier.
19:44 of 2nd period - Shot by Mikael Backlund.
19:44 of 2nd period - Stopped by Jussi Olkinuora without a rebound.
19:45 of 2nd period - Barclay Goodrow wins face-off versus Sam Carrick in Ducks zone.
19:50 of 2nd period - Shot by Lucas Raymond.
19:50 of 2nd period - Shot Misses the Net.
19:52 of 2nd period - Shot by Hampus Lindholm.
19:52 of 2nd period - Stopped by Jussi Olkinuora with a rebound.
19:54 of 2nd period - Shot by Hampus Lindholm.
19:54 of 2nd period - Shot Misses the Net.
Goals for this period are 3 for Bruins vs 1 for Ducks.
Shots for this period are 19 for Bruins vs 8 for Ducks.

3rd period


0:01 of 3rd period - Jamie Benn wins face-off versus Henrik Borgstrom in neutral zone.
0:14 of 3rd period - Shot by David Pastrnak.
0:14 of 3rd period - Shot Misses the Net.
0:34 of 3rd period - Shot by Scott Laughton.
0:34 of 3rd period - Shot Misses the Net.
0:36 of 3rd period - Shot by Hampus Lindholm.
0:36 of 3rd period - Shot Misses the Net.
1:17 of 3rd period - Shot by Mikael Backlund.
1:17 of 3rd period - Shot Misses the Net.
1:19 of 3rd period - Shot by Tom Wilson.
1:19 of 3rd period - Stopped by Jussi Olkinuora with a rebound.
1:21 of 3rd period - Shot by Mikael Backlund.
1:21 of 3rd period - Shot Misses the Net.
1:23 of 3rd period - Shot by Connor Clifton.
1:23 of 3rd period - Shot Blocked by Alex Petrovic.
2:05 of 3rd period - Andrei Svechnikov is hit by Cody Ceci and loses puck.
2:35 of 3rd period - Off-side.
2:36 of 3rd period - Tomas Hertl wins face-off versus Chris Wagner in neutral zone.
2:44 of 3rd period - Shot by Tomas Hertl.
2:44 of 3rd period - Stopped by Jussi Olkinuora without a rebound.
2:45 of 3rd period - Jamie Benn wins face-off versus Sam Carrick in Ducks zone.
2:59 of 3rd period - Icing by Sam Carrick.
3:00 of 3rd period - Sam Carrick wins face-off versus Tomas Hertl in Ducks zone.
3:02 of 3rd period - Icing by Nicholas Caamano.
3:03 of 3rd period - Tomas Hertl wins face-off versus Nicholas Caamano in Ducks zone.
4:13 of 3rd period - Shot by Mikael Backlund.
4:13 of 3rd period - Shot Misses the Net.
4:59 of 3rd period - Shot by David Pastrnak.
4:59 of 3rd period - Shot Blocked by Dylan McIlrath.
5:01 of 3rd period - Shot by Jamie Benn.
5:01 of 3rd period - Stopped by Jussi Olkinuora with a rebound.
5:35 of 3rd period - Minor Penalty to Seth Helgeson for Hooking.
5:36 of 3rd period - Tomas Hertl wins face-off versus Brennan Saulnier in Ducks zone.
6:47 of 3rd period - Shot by David Pastrnak.
6:47 of 3rd period - Stopped by Jussi Olkinuora without a rebound.
6:48 of 3rd period - Henrik Borgstrom wins face-off versus Tom Wilson in Ducks zone.
7:05 of 3rd period - Shot by Hampus Lindholm.
7:05 of 3rd period - Stopped by Jussi Olkinuora without a rebound.
7:06 of 3rd period - Jamie Benn wins face-off versus Timo Meier in Ducks zone.
7:11 of 3rd period - Shot by David Pastrnak.
7:11 of 3rd period - Stopped by Jussi Olkinuora with a rebound.
7:13 of 3rd period - Shot by Filip Hronek.
7:13 of 3rd period - Goal by Filip Hronek - Bruins : 7 - Ducks : 1.
7:14 of 3rd period - Barclay Goodrow wins face-off versus Sam Carrick in neutral zone.
7:20 of 3rd period - Lucas Raymond is hit by Seth Helgeson and loses puck.
8:32 of 3rd period - Shot by Scott Laughton.
8:32 of 3rd period - Stopped by Jussi Olkinuora with a rebound.
8:40 of 3rd period - Shot by David Pastrnak.
8:40 of 3rd period - Shot Misses the Net.
8:42 of 3rd period - Shot by Scott Laughton.
8:42 of 3rd period - Shot Misses the Net.
9:20 of 3rd period - Shot by Patrik Laine.
9:20 of 3rd period - Deflect By Tom Wilson.
9:20 of 3rd period - Stopped by Jussi Olkinuora with a rebound.
9:22 of 3rd period - Shot by Mikael Backlund.
9:22 of 3rd period - Goal by Mikael Backlund - Bruins : 8 - Ducks : 1.
9:23 of 3rd period - Tomas Hertl wins face-off versus Anthony Vincent in neutral zone.
9:30 of 3rd period - Shot by Owen Tippett.
9:30 of 3rd period - Shot Misses the Net.
9:32 of 3rd period - Shot by Erik Haula.
9:32 of 3rd period - Shot Blocked by Dylan McIlrath.
9:34 of 3rd period - Shot by Erik Haula.
9:34 of 3rd period - Shot Misses the Net.
9:50 of 3rd period - Shot by Owen Tippett.
9:50 of 3rd period - Deflect By Tomas Hertl.
9:50 of 3rd period - Stopped by Jussi Olkinuora with a rebound.
9:52 of 3rd period - Shot by Erik Haula.
9:52 of 3rd period - Shot Blocked by Seth Helgeson.
10:51 of 3rd period - Icing by Filip Hronek.
10:52 of 3rd period - Mikael Backlund wins face-off versus Chris Wagner in Bruins zone.
11:17 of 3rd period - Shot by Chris Wagner.
11:17 of 3rd period - Stopped by Juuse Saros without a rebound.
11:18 of 3rd period - Sam Carrick wins face-off versus Tomas Hertl in Bruins zone.
11:29 of 3rd period - Minor Penalty to Alex Petrovic for Hooking.
11:30 of 3rd period - Jamie Benn wins face-off versus Timo Meier in Ducks zone.
11:43 of 3rd period - Shot by Jamie Benn.
11:43 of 3rd period - Shot Misses the Net.
11:45 of 3rd period - Shot by Jamie Benn.
11:45 of 3rd period - Stopped by Jussi Olkinuora without a rebound.
11:46 of 3rd period - Tomas Hertl wins face-off versus Timo Meier in Ducks zone.
11:47 of 3rd period - Shot by Filip Hronek.
11:47 of 3rd period - Stopped by Jussi Olkinuora without a rebound.
11:48 of 3rd period - Tomas Hertl wins face-off versus Timo Meier in Ducks zone.
12:05 of 3rd period - Shot by Tomas Hertl.
12:05 of 3rd period - Shot Blocked by Jacob Larsson.
12:21 of 3rd period - Shot by Mikael Backlund.
12:21 of 3rd period - Stopped by Jussi Olkinuora without a rebound.
12:22 of 3rd period - Chris Wagner wins face-off versus Jamie Benn in Ducks zone.
12:50 of 3rd period - Shot by Filip Hronek.
12:50 of 3rd period - Stopped by Jussi Olkinuora with a rebound.
12:52 of 3rd period - Shot by Filip Hronek.
12:52 of 3rd period - Shot Misses the Net.
12:54 of 3rd period - Shot by Filip Hronek.
12:54 of 3rd period - Shot Misses the Net.
12:56 of 3rd period - Shot by Kirill Marchenko.
12:56 of 3rd period - Shot Misses the Net.
12:58 of 3rd period - Shot by Jamie Benn.
12:58 of 3rd period - Stopped by Jussi Olkinuora without a rebound.
12:59 of 3rd period - Chris Wagner wins face-off versus Tomas Hertl in Ducks zone.
13:08 of 3rd period - Shot by Sam Carrick.
13:08 of 3rd period - Stopped by Juuse Saros without a rebound.
13:09 of 3rd period - Tom Wilson wins face-off versus Sam Carrick in Bruins zone.
13:09 of 3rd period - Tom Wilson is hit by Sam Carrick.
13:42 of 3rd period - Lucas Raymond is hit by Jacob Perreault and loses puck.
13:51 of 3rd period - Shot by Jacob Perreault.
13:51 of 3rd period - Stopped by Juuse Saros with a rebound.
14:10 of 3rd period - Icing by Ilya Lyubushkin.
14:11 of 3rd period - Barclay Goodrow wins face-off versus Sam Carrick in Bruins zone.
14:25 of 3rd period - Shot by Sam Carrick.
14:25 of 3rd period - Shot Hit the Post.
14:27 of 3rd period - Shot by Sam Carrick.
14:27 of 3rd period - Deflect By Bobby Lynch.
14:27 of 3rd period - Shot Misses the Net.
14:29 of 3rd period - Shot by Nicholas Caamano.
14:29 of 3rd period - Stopped by Juuse Saros without a rebound.
14:30 of 3rd period - Jamie Benn wins face-off versus Anthony Vincent in Bruins zone.
14:39 of 3rd period - Shot by Andrei Svechnikov.
14:39 of 3rd period - Stopped by Juuse Saros without a rebound.
14:40 of 3rd period - Chris Wagner wins face-off versus Patrik Laine in Bruins zone.
16:16 of 3rd period - Off-side.
16:17 of 3rd period - Tomas Hertl wins face-off versus Sam Carrick in neutral zone.
16:17 of 3rd period - Owen Tippett is hit by Sam Carrick and loses puck.
16:25 of 3rd period - Shot by Owen Tippett.
16:25 of 3rd period - Stopped by Jussi Olkinuora with a rebound.
17:12 of 3rd period - Tom Wilson is hit by Dylan McIlrath.
17:13 of 3rd period - Minor Penalty to Dylan McIlrath for High sticking.
17:14 of 3rd period - Jamie Benn wins face-off versus Timo Meier in Ducks zone.
17:17 of 3rd period - Shot by David Pastrnak.
17:17 of 3rd period - Deflect By Jamie Benn.
17:17 of 3rd period - Shot Misses the Net.
17:47 of 3rd period - Shot by Patrik Laine.
17:47 of 3rd period - Shot Blocked by Jacob Larsson.
18:05 of 3rd period - Shot by Tomas Hertl.
18:05 of 3rd period - Deflect By Tom Wilson.
18:05 of 3rd period - Shot Misses the Net.
18:07 of 3rd period - Shot by Tomas Hertl.
18:07 of 3rd period - Shot Misses the Net.
18:24 of 3rd period - Tomas Hertl is hit by Alex Petrovic and loses puck.
18:40 of 3rd period - Icing by Filip Hronek.
18:41 of 3rd period - Chris Wagner wins face-off versus Jamie Benn in Bruins zone.
18:50 of 3rd period - Shot by Filip Hronek.
18:50 of 3rd period - Shot Misses the Net.
19:40 of 3rd period - Shot by Lucas Raymond.
19:40 of 3rd period - Stopped by Jussi Olkinuora with a rebound.
19:42 of 3rd period - Shot by Barclay Goodrow.
19:42 of 3rd period - Shot Misses the Net.
19:44 of 3rd period - Shot by Barclay Goodrow.
19:44 of 3rd period - Stopped by Jussi Olkinuora without a rebound.
19:45 of 3rd period - Tomas Hertl wins face-off versus Anthony Vincent in Ducks zone.
19:50 of 3rd period - Shot by Erik Haula.
19:50 of 3rd period - Stopped by Jussi Olkinuora without a rebound.
19:51 of 3rd period - Tomas Hertl wins face-off versus Anthony Vincent in Ducks zone.
Goals for this period are 2 for Bruins vs 0 for Ducks.
Shots for this period are 20 for Bruins vs 5 for Ducks.